 Dungeon Crawl Stone Soup version 0.31-a0-187-gba352fbbf7 (webtiles) character file.

Game seed: 7826747232311669945

6864 qw the Skirmisher (level 10, -16/60 HPs)
             Began as a Deep Elf Hunter on June 22, 2023.
             Was a Believer of Okawaru.
             Demolished by a tengu warrior
             ... wielding a +0 dire flail
              (17 damage)
             ... on level 10 of the Dungeon.
             The game lasted 00:03:38 (8734 turns).

qw the Skirmisher (Deep Elf Hunter)                 Turns: 8734, Time: 00:03:38

Health: -16/60     AC:  8    Str: 12    XL:     10   Next: 78%
Magic:  12/13      EV: 31    Int: 15    God:    Okawaru [**....]
Gold:   593        SH:  0    Dex: 24    Spells: 9/9 levels left

rFire   . . .        t - +0 orcbow
rCold   . . .        (shield currently unavailable)
rNeg    + . .        e - +1 leather armour "Sayqauviyr" {rPois rN+}
rPois   +            d - +0 helmet
rElec   .            c - +0 cloak
rCorr   .            j - +0 pair of gloves
SInv    .            (no boots)
Will    +....        m - amulet of the acrobat
Stlth   ++++         q - +6 ring of dexterity
HPRegen 0.30/turn    i - +5 ring of evasion
MPRegen 0.13/turn

%: acrobat
@: heroic
A: low MP 1
a: Renounce Religion, Heroism


You were on level 10 of the Dungeon.
You worshipped Okawaru.
Okawaru was pleased with you.
You visited 2 branches of the dungeon, and saw 11 of its levels.

You collected 593 gold pieces.


Innate Abilities, Weirdness & Mutations

Your magical capacity is low. (-10% MP)


   Skills:
 - Level 6.1(11.1) Fighting
 + Level 14.4(19.4) Ranged Weapons
 - Level 2.1(7.1) Armour
 - Level 11.6(16.6) Dodging
 - Level 1.2(6.2) Stealth
 - Level 4.0 Invocations


You had 9 spell levels left.
You didn't know any spells.
Your spell library was empty.

Inventory:

Hand Weapons
 t - a +0 orcbow (weapon)
Armour
 c - a +0 cloak (worn)
 d - a +0 helmet (worn)
 e - the +1 leather armour "Sayqauviyr" (worn) {rPois rN+}
   (You found it on level 7 of the Dungeon)

   rPois:     It protects you from poison.
   rN:        It protects you from negative energy.
 j - a +0 pair of gloves (worn)
 o - a +0 ring mail
Jewellery
 i - a +5 ring of evasion (right hand)
 m - an amulet of the acrobat (around neck)
 q - a +6 ring of dexterity (left hand)
 r - a ring of fire
Scrolls
 b - 3 scrolls of identify
 s - a scroll of torment {unknown}
Potions
 f - 2 potions of cancellation
 g - 2 potions of curing
 h - a potion of mutation
 k - 2 potions of lignification {unknown}
 n - a potion of might
 p - a potion of brilliance {unknown}

Dungeon Overview and Level Annotations

Branches:
Dungeon (10/15)            Temple (1/1) D:7             Orc (0/2) D:10
   Lair: D:8-11

Altars:
Ashenzari
Cheibriados
Dithmenos
Elyvilon
Fedhas
Gozag
Hepliaklqana
Kikubaaqudgha
Makhleb
Nemelex Xobeh
Okawaru
Qazlal
Ru
Sif Muna
Trog
Uskayaw
Vehumet
Wu Jian
Xom
Yredelemnul
Zin
The Shining One

Shops:
D:5 *

Annotations:
D:2 1 runed translucent door, Crazy Yiuf
D:4 4 runed translucent doors, exclusion: 9 gnoll sergeants


Message History

The tengu warrior pecks you. The tengu warrior claws you.
8725 ||| INVOKING Heroism.
You gain the combat prowess of a mighty hero.
The tengu warrior completely misses you. x2
The tengu warrior claws you.
8726 ||| DRINKING potion of heal wounds.
You feel much better.
The tengu warrior completely misses you.
The tengu warrior barely misses you.
The tengu warrior claws you but does no damage.
You shoot an arrow. The arrow hits the tengu warrior!
The tengu warrior is moderately wounded.
The tengu warrior hits you with a +0 dire flail!
The tengu warrior misses you. The tengu warrior claws you.
You shoot an arrow.
The arrow closely misses the tengu warrior.
You shoot an arrow.
The arrow barely misses the tengu warrior.
The tengu warrior completely misses you.
The tengu warrior barely misses you. The tengu warrior misses you.
You shoot an arrow. The arrow hits the tengu warrior.
The tengu warrior is moderately wounded.
The tengu warrior barely misses you.
The tengu warrior pecks you but does no damage.
The tengu warrior misses you.
You shoot an arrow. The arrow hits the tengu warrior.
The tengu warrior is moderately wounded.
The tengu warrior closely misses you.
The tengu warrior completely misses you. x2
You shoot an arrow. The arrow hits the tengu warrior.
The tengu warrior is heavily wounded.
You shoot an arrow. The arrow hits the tengu warrior.
The tengu warrior is heavily wounded.
The tengu warrior hits you with a +0 dire flail!
The tengu warrior completely misses you.
The tengu warrior barely misses you.
You shoot an arrow. The arrow hits the tengu warrior!
The tengu warrior is severely wounded.
The tengu warrior hits you with a +0 dire flail!
You die...

#...##..#.........
#...>...#....#####
#.......#....#...' #
#.......#....#...# .#.
#...##..#....')..# .'..
#...##..#....#..)# #...
#....#..#....#...#
#....#(...#.[#....#....
#....Q@..##..#....#...)
#...##...##..#....#....
#...##.......#....#....
##....#.......#....'....
.....#.......'....#.... #
#Q..##...##..#....#....
#..##)####...###'#....#....
#.....)..#.......#....+....
#........'.......#....#....


You could see a tengu warrior.

Vanquished Creatures
  Joseph (D:8)
  A troll (D:10)
  A hornet (D:8)
  Sigmund (D:6)
  A wyvern (D:9)
  9 yaks (D:9)
  2 shadows
  2 vampire mosquitoes (D:10)
  A warg (D:10)
  2 water moccasins
  Menkaure (D:5)
  An acid dragon (D:9)
  2 black bears
  2 orc warriors (D:10)
  2 ice beasts
  3 ogres
  A sky beast (D:8)
  3 centaurs
  3 kobold brigands
  4 bullfrogs
  2 gnoll sergeants
  3 wights (D:7)
  5 killer bees
  2 howler monkeys (D:9)
  A jelly (D:7)
  6 orc priests
  2 gnoll boudas
  4 hounds
  6 iguanas
  12 orc wizards
  6 adders
  24 gnolls
  A white imp (D:5)
  2 dart slugs
  29 orcs
  5 ball pythons
  8 endoplasms
  2 giant cockroaches
  2 hobgoblins
  7 jackals (D:4)
  2 quokkas
  7 bats
  7 frilled lizards
  9 goblins
  22 kobolds
  4 rats
223 creatures vanquished.

Notes
Turn   | Place    | Note
-------+----------+-------------------------------------------
     0 | D:1      | qw the Deep Elf Hunter began the quest for the Orb.
     0 | D:1      | Reached XP level 1. HP: 12/12 MP: 3/3
     0 | D:1      | 0 ||| qw: Version: 0.3-a-9-g12657ce
     0 | D:1      | 0 ||| qw: Game counter: 2539
     0 | D:1      | 0 ||| qw: Always use a shield: true
     0 | D:1      | 0 ||| qw: God list: Okawaru
     0 | D:1      | 0 ||| qw: Allow faded altars: false
     0 | D:1      | 0 ||| qw: Do Orc after D:15 true
     0 | D:1      | 0 ||| qw: Do second Lair branch before Depths: true
     0 | D:1      | 0 ||| qw: Lair rune preference: random
     0 | D:1      | 0 ||| qw: Plans: Normal
     0 | D:1      | 0 ||| PLANNING D:1-11
   155 | D:1      | Reached skill level 6 in Ranged Weapons
   155 | D:1      | Reached XP level 2. HP: 16/16 MP: 4/4
   683 | D:1      | 683 ||| UPGRADING to +0 scale mail.
   693 | D:1      | 693 ||| DROPPING +0 leather armour.
   694 | D:1      | 694 ||| UPGRADING to +4 ring of protection.
   695 | D:1      | 695 ||| READING scroll labelled CIOPRYANAR.
   696 | D:1      | 696 ||| READING scroll labelled SOGOOM ZEIT.
   697 | D:1      | 697 ||| READING scroll labelled CATRES GYMORIE.
   698 | D:1      | 698 ||| READING scroll labelled ROKAXT ROKLEE.
   699 | D:1      | 699 ||| DROPPING scroll of butterflies.
   738 | D:2      | Reached XP level 3. HP: 20/20 MP: 5/5
   799 | D:2      | Reached skill level 7 in Ranged Weapons
  1525 | D:2      | Found a runed translucent door.
  1526 | D:2      | Noticed Crazy Yiuf
  1595 | D:2      | 1595 ||| UPGRADING to +0 cloak.
  1600 | D:2      | 1600 ||| READING scroll labelled KEYKLA TUGIV.
  1601 | D:2      | 1601 ||| READING scroll labelled YXTINA CUMI.
  1602 | D:2      | 1602 ||| DRINKING 2 emerald potions.
  1813 | D:3      | Reached XP level 4. HP: 25/25 MP: 6/6
  1997 | D:3      | Found a burning altar of Makhleb.
  2030 | D:3      | Found a basalt altar of Yredelemnul.
  2391 | D:3      | 2391 ||| UPGRADING to +0 pair of gloves.
  2396 | D:3      | 2396 ||| UPGRADING to +0 ring mail.
  2406 | D:3      | 2406 ||| DROPPING +0 scale mail.
  2407 | D:3      | 2407 ||| UPGRADING to +5 ring of evasion.
  2408 | D:3      | 2408 ||| READING scroll labelled SIHIEBRO ROKHIOFI.
  2489 | D:4      | Reached skill level 8 in Ranged Weapons
  2494 | D:4      | 2494 ||| FLEEEEING.
  2534 | D:4      | Reached XP level 5. HP: 20/29 MP: 7/7
  2538 | D:4      | Reached skill level 9 in Ranged Weapons
  2643 | D:4      | Found a large runed translucent door.
  2644 | D:4      | Found a large runed translucent door.
  2645 | D:4      | 2645 ||| READING scroll labelled SUTIUGHOSTRY.
  2646 | D:4      | 2646 ||| READING scroll labelled SIDERA HITU.
  2648 | D:4      | 2648 ||| Stepping ~*~*~tactically~*~*~ (cloud).
  2658 | D:4      | 2658 ||| FLEEEEING.
  2742 | D:4      | 2742 ||| READING scroll of enchant weapon.
  2742 | D:4      | 2742 ||| ENCHANTING +1 shortbow of draining.
  2772 | D:4      | Reached XP level 6. HP: 17/36 MP: 8/8
  2960 | D:4      | Found a large runed translucent door.
  2960 | D:4      | Found a large runed translucent door.
  3059 | D:4      | Reached skill level 1 in Armour
  3372 | D:4      | Reached skill level 10 in Ranged Weapons
  3384 | D:4      | Reached skill level 3 in Dodging
  3466 | D:4      | 3466 ||| DROPPING ring of ice.
  3467 | D:4      | 3467 ||| READING 2 scrolls of identify.
  3467 | D:4      | 3467 ||| IDENTIFYING viscous coppery potion
  3468 | D:4      | 3468 ||| DROPPING potion of attraction.
  3485 | D:4      | Reached XP level 7. HP: 40/40 MP: 9/9
  3526 | D:5      | Entered Level 5 of the Dungeon
  3668 | D:5      | Noticed Menkaure
  3674 | D:5      | Killed Menkaure
  3675 | D:5      | Reached skill level 11 in Ranged Weapons
  3732 | D:5      | Reached skill level 12 in Ranged Weapons
  3790 | D:5      | Found Cikhla Safaf's General Store.
  3799 | D:5      | Reached skill level 3 in Fighting
  3799 | D:5      | Reached XP level 8. HP: 46/46 MP: 10/10
  3944 | D:5      | 3944 ||| UPGRADING to amulet of the acrobat.
  3949 | D:5      | 3949 ||| DROPPING ring of willpower.
  3950 | D:5      | 3950 ||| READING scroll labelled XOLEYC SOCHE.
  3951 | D:5      | 3951 ||| DRINKING 2 metallic inky potions.
  4022 | D:6      | Noticed Sigmund
  4024 | D:6      | 4024 ||| FLEEEEING.
  4025 | D:6      | 4025 ||| FLEEEEING.
  4041 | D:6      | 4041 ||| DRINKING potion of curing.
  4041 | D:6      | 4041 ||| (to cure confusion)
  4043 | D:6      | Killed Sigmund
  4095 | D:6      | Reached skill level 13 in Ranged Weapons
  4656 | D:6      | 4656 ||| UPGRADING to +0 helmet.
  4661 | D:6      | 4661 ||| READING 4 scrolls of identify.
  4661 | D:6      | 4661 ||| IDENTIFYING murky orange potion
  4662 | D:6      | 4662 ||| READING 3 scrolls of identify.
  4662 | D:6      | 4662 ||| IDENTIFYING murky puce potion
  4663 | D:6      | 4663 ||| READING 2 scrolls of identify.
  4663 | D:6      | 4663 ||| IDENTIFYING ruby potion
  4664 | D:6      | 4664 ||| DROPPING potion of degeneration.
  4665 | D:6      | 4665 ||| DROPPING potion of berserk rage.
  4687 | D:7      | Found a staircase to the Ecumenical Temple.
  4688 | D:7      | 4688 ||| PLANNING TEMPLE
  4703 | D:7      | Reached skill level 14 in Ranged Weapons
  4766 | Temple   | Entered the Ecumenical Temple
  4775 | Temple   | 4775 ||| PLANNING OKAWARU WORSHIP
  4897 | Temple   | Became a worshipper of Warmaster Okawaru
  4898 | Temple   | 4898 ||| PLANNING D:1-11
  4949 | D:7      | Reached XP level 9. HP: 50/50 MP: 11/11
  4966 | D:7      | 4966 ||| Stepping ~*~*~tactically~*~*~ (outnumbered).
  4983 | D:7      | Identified the +1 leather armour "Sayqauviyr" {rPois rN+}
  5168 | D:7      | 5168 ||| Stepping ~*~*~tactically~*~*~ (outnumbered).
  5170 | D:7      | 5170 ||| Stepping ~*~*~tactically~*~*~ (outnumbered).
  5172 | D:7      | 5172 ||| Stepping ~*~*~tactically~*~*~ (outnumbered).
  5175 | D:7      | 5175 ||| Stepping ~*~*~tactically~*~*~ (outnumbered).
  5178 | D:7      | 5178 ||| Stepping ~*~*~tactically~*~*~ (outnumbered).
  5180 | D:7      | 5180 ||| Stepping ~*~*~tactically~*~*~ (outnumbered).
  5182 | D:7      | 5182 ||| Stepping ~*~*~tactically~*~*~ (outnumbered).
  5187 | D:7      | 5187 ||| Stepping ~*~*~tactically~*~*~ (outnumbered).
  5474 | D:7      | 5474 ||| UPGRADING to +1 leather armour "Sayqauviyr" {rPois
                  | rN+}.
  5538 | D:8      | Reached skill level 6 in Dodging
  5543 | D:8      | 5543 ||| FLEEEEING.
  5544 | D:8      | 5544 ||| FLEEEEING.
  5545 | D:8      | 5545 ||| FLEEEEING.
  5546 | D:8      | 5546 ||| FLEEEEING.
  5547 | D:8      | 5547 ||| FLEEEEING.
  5548 | D:8      | 5548 ||| FLEEEEING.
  5549 | D:8      | 5549 ||| FLEEEEING.
  5550 | D:8      | 5550 ||| FLEEEEING.
  5551 | D:8      | 5551 ||| FLEEEEING.
  5552 | D:8      | 5552 ||| FLEEEEING.
  5553 | D:8      | 5553 ||| FLEEEEING.
  5554 | D:8      | 5554 ||| FLEEEEING.
  5555 | D:8      | 5555 ||| FLEEEEING.
  5556 | D:8      | 5556 ||| FLEEEEING.
  5557 | D:8      | 5557 ||| FLEEEEING.
  5558 | D:8      | 5558 ||| FLEEEEING.
  5559 | D:8      | 5559 ||| Stepping ~*~*~tactically~*~*~ (outnumbered).
  5560 | D:8      | 5560 ||| FLEEEEING.
  5561 | D:8      | 5561 ||| Stepping ~*~*~tactically~*~*~ (outnumbered).
  5628 | D:8      | Reached * piety under Okawaru
  5657 | D:8      | 5657 ||| INVOKING Heroism.
  5670 | D:8      | 5670 ||| INVOKING Heroism.
  5870 | D:8      | 5870 ||| READING scroll of enchant weapon.
  5870 | D:8      | 5870 ||| ENCHANTING +2 shortbow of draining.
  5970 | D:8      | Noticed Joseph
  5997 | D:8      | Killed Joseph
  6155 | D:8      | Found a shimmering blue altar of Sif Muna.
  6542 | D:8      | 6542 ||| DROPPING scarf of invisibility.
  6543 | D:8      | 6543 ||| READING scroll labelled VOGHOE OF JEXI.
  6593 | D:9      | 6593 ||| INVOKING Heroism.
  6594 | D:9      | 6594 ||| Stepping ~*~*~tactically~*~*~ (outnumbered).
  6597 | D:9      | Reached skill level 1 in Invocations
  6600 | D:9      | 6600 ||| Stepping ~*~*~tactically~*~*~ (outnumbered).
  6607 | D:9      | 6607 ||| INVOKING Heroism.
  6679 | D:9      | Reached skill level 9 in Dodging
  6827 | D:9      | Reached XP level 10. HP: 59/59 MP: 13/13
  6863 | D:9      | Reached skill level 3 in Invocations
  6912 | D:9      | Reached ** piety under Okawaru
  6920 | D:9      | 6920 ||| INVOKING Heroism.
  6926 | D:9      | Reached skill level 6 in Fighting
  7716 | D:9      | 7716 ||| UPGRADING to +6 ring of dexterity.
  7718 | D:9      | 7718 ||| DROPPING +4 ring of protection.
  7719 | D:9      | 7719 ||| READING scroll labelled WIEDEM WOBOIXU.
  7720 | D:9      | 7720 ||| DRINKING 2 glowing grey potions.
  7720 | D:9      | Gained mutation: Your magical capacity is low. (-10% MP)
                  | [potion of mutation]
  7721 | D:9      | 7721 ||| READING 2 scrolls of identify.
  7721 | D:9      | 7721 ||| IDENTIFYING fuming blue potion
  7739 | D:10     | Entered Level 10 of the Dungeon
  7759 | D:10     | 7759 ||| INVOKING Heroism.
  7761 | D:10     | 7761 ||| Stepping ~*~*~tactically~*~*~ (outnumbered).
  7769 | D:10     | 7769 ||| Stepping ~*~*~tactically~*~*~ (outnumbered).
  7816 | D:10     | Found a staircase to the Orcish Mines.
  7854 | D:10     | 7854 ||| Stepping ~*~*~tactically~*~*~ (outnumbered).
  7856 | D:10     | 7856 ||| Stepping ~*~*~tactically~*~*~ (outnumbered).
  7858 | D:10     | 7858 ||| Stepping ~*~*~tactically~*~*~ (outnumbered).
  8000 | D:10     | Found a stormy altar of Qazlal.
  8341 | D:10     | 8341 ||| SWAPPING to +0 orcbow.
  8342 | D:10     | 8342 ||| DROPPING +3 shortbow of draining.
  8460 | D:10     | 8460 ||| INVOKING Heroism.
  8521 | D:10     | Noticed a tengu warrior
  8535 | D:10     | 8535 ||| INVOKING Heroism.
  8536 | D:10     | HP: 11/60 [tengu warrior/+0 dire flail (5)]
  8537 | D:10     | 8537 ||| READING scroll of teleportation.
  8538 | D:10     | 8538 ||| DRINKING 3 potions of heal wounds.
  8542 | D:10     | HP: 10/60 [tengu warrior/+0 dire flail (13)]
  8543 | D:10     | 8543 ||| DRINKING 2 potions of heal wounds.
  8725 | D:10     | 8725 ||| INVOKING Heroism.
  8725 | D:10     | HP: 14/60 [tengu warrior/+0 dire flail (4)]
  8726 | D:10     | 8726 ||| DRINKING potion of heal wounds.
  8733 | D:10     | HP: 1/60 [tengu warrior/+0 dire flail (14)]
  8734 | D:10     | Demolished by a tengu warrior

Levels and vault maps discovered:
D:1:      lightli_arrival_noodles, layout_basic,
          wander_ebering_terrifying_dragon_lair
D:2:      layout_basic, uniq_crazy_yiuf_cottage
D:3:      layout_basic, mainiacjoe_overflow_two_lobes
D:4:      layout_loops_ring, serial_rivers, chequers_serial_rivers_micro_c,
          chequers_serial_rivers_small_a, chequers_serial_rivers_micro_a,
          chequers_serial_rivers_micro_a, chequers_serial_rivers_marsh,
          minmay_hollow_rounded_squares
D:5:      layout_basic, serial_shops, nicolae_shop_tiny_glass, uniq_menkaure
D:6:      layout_basic, dreamdust_princess_bridge, uniq_sigmund
D:7:      layout_basic, minmay_temple_entry_junction
D:8:      layout_basic, amcnicky_altar_gilded, uniq_joseph
D:9:      layout_stronghold, hex_tiny, kennysheep_pointless_box
D:10:     layout_gridville, marbit_many_paths, david_orc_3
Temple:   regret_index_temple_mists

Skill      XL: |  1  2  3  4  5  6  7  8  9 10 |
---------------+-------------------------------+-----
Ranged Weapons | 6 7 8 9 10 12 14 | 14.4
Fighting       | 2 3 5 6 |  6.1
Armour         | 1 2 |  2.1
Dodging        | 3 5 9 11 | 11.6
Invocations    | 2 4 |  4.0
Stealth        | |  1.2

Action                     |  1- 3 |  4- 6 |  7- 9 | 10-12 || total
---------------------------+-------+-------+-------+-------++-------
   Fire: Shortbow          |   100 |   155 |   351 |   146 ||   752
         Orcbow            |       |       |       |    54 ||    54
 Invoke: Heroism           |       |       |     4 |     5 ||     9
    Use: Scroll            |     6 |     5 |     6 |     3 ||    20
         Potion            |     1 |       |     2 |     4 ||     7
 Armour: Scale mail        |    11 |     6 |       |       ||    17
         Ring mail         |       |    15 |    22 |       ||    37
         Leather armour    |       |       |    10 |    13 ||    23
  Dodge: Dodged            |    10 |    56 |   107 |   107 ||   280

Table legend:
 A = Non-vault XP
 B = Vault XP
 C = Vault XP percentage of total XP
 D = Non-vault monster count
 E = Vault monster count
 F = Vault count percentage of total count
                 A         B        C        D         E       F
            +---------+---------+-------+---------+---------+-------
      Total |    8025 |    1781 |  18.2 |     202 |      21 |   9.4
            +---------+---------+-------+---------+---------+-------
        D:1 |      31 |       1 |   3.1 |      17 |       1 |   5.6
        D:2 |      54 |       0 |   0.0 |      20 |       0 |   0.0
        D:3 |      54 |       0 |   0.0 |      18 |       0 |   0.0
        D:4 |     432 |     187 |  30.2 |      32 |       8 |  20.0
        D:5 |     559 |     157 |  21.9 |      11 |       1 |   8.3
        D:6 |     716 |     231 |  24.4 |      13 |       1 |   7.1
        D:7 |     701 |       0 |   0.0 |      23 |       0 |   0.0
        D:8 |    1265 |     434 |  25.5 |      21 |       1 |   4.5
        D:9 |    2942 |       0 |   0.0 |      28 |       0 |   0.0
       D:10 |    1271 |     771 |  37.8 |      19 |       9 |  32.1
            +---------+---------+-------+---------+---------+-------
